1961 views
Uploaded 2023-08-13 20:39:05
Game version 1.36 (6115)
19:40 long 4on4 ladder game on (8)ChimneyIsles_S2_v1.3
Saved by DKnight
1961 views
Uploaded 2023-08-13 20:39:05
Game version 1.36 (6115)
19:40 long 4on4 ladder game on (8)ChimneyIsles_S2_v1.3


162 units @ 24k
/ 4.4k
90 buildings @ 10.8k
/ 4.6k


| Rod of Necromancy | 2 | 300 |
| Lesser Clarity Potion | 2 | 140 |
| Potion of Healing | 2 | 300 |
| Scroll of Healing | 1 | 250 |
| Scroll of Town Portal | 1 | 350 |
| Scroll of Regeneration | 2 | 200 |
| total: | 10 | 1540g |
| Acolyte | 14 | 1050 | / | 0 |
| Ghoul | 3 | 360 | / | 0 |
| Crypt Fiend | 21 | 4515 | / | 840 |
| Obsidian Statue | 5 | 1000 | / | 175 |
| total: | 43 | 6925g | / | 1015w |
| Spirit Tower | 4 | 580 | / | 160 |
| Crypt | 1 | 200 | / | 50 |
| Graveyard | 1 | 215 | / | 0 |
| Altar of Darkness | 1 | 180 | / | 50 |
| Ziggurat | 7 | 1050 | / | 350 |
| Tomb of Relics | 2 | 260 | / | 60 |
| Necropolis | 1 | 225 | / | 0 |
| Slaughterhouse | 2 | 280 | / | 270 |
| Halls of the Dead | 1 | 320 | / | 210 |
| Black Citadel | 1 | 325 | / | 230 |
| total: | 15 | 2410g | / | 780w |
| 0:02 | Acolyte |
| 0:02 | Acolyte |
| 0:03 | Crypt |
| 0:31 | Graveyard |
| 0:49 | Altar of Darkness |
| 0:56 | Ziggurat |
| 1:09 | Ghoul |
| 1:20 | Ghoul |
| 1:35 | Tomb of Relics |
| 1:56 | Ziggurat |
| 2:11 | Crypt Fiend |
| 2:36 | Crypt Fiend |
| 2:50 | Rod of Necromancy |
| 3:02 | Death Coil |
| 3:09 | Crypt Fiend |
| 3:20 | Acolyte |
| 3:39 | Lesser Clarity Potion |
| 3:45 | Crypt Fiend |
| 4:18 | Halls of the Dead |
| 4:37 | Ziggurat |
| 5:02 | Unholy Aura |
| 5:13 | Creature Attack |
| 6:17 | Necropolis |
| 6:19 | Crypt Fiend |
| 6:34 | Crypt Fiend |
| 6:56 | Death Coil |
| 7:11 | Burrow |
| 7:29 | Scroll of Regeneration |
| 7:40 | Black Citadel |
| 7:49 | Rod of Necromancy |
| 8:01 | Frost Nova |
| 8:05 | Ziggurat |
| 8:07 | Acolyte |
| 8:40 | Slaughterhouse |
| 8:46 | Web |
| 9:01 | Ziggurat |
| 9:05 | Ghoul |
| 9:30 | Spirit Tower |
| 9:42 | Tomb of Relics |
| 9:46 | Obsidian Statue |
| 9:47 | Crypt Fiend |
| 10:01 | Spirit Tower |
| 10:25 | Acolyte |
| 10:25 | Acolyte |
| 10:29 | Death Pact |
| 10:32 | Acolyte |
| 11:04 | Crypt Fiend |
| 11:16 | Scroll of Healing |
| 11:20 | Crypt Fiend |
| 11:20 | Crypt Fiend |
| 11:47 | Frost Armor |
| 11:58 | Crypt Fiend |
| 12:14 | Crypt Fiend |
| 12:23 | Crypt Fiend |
| 12:38 | Crypt Fiend |
| 12:40 | Acolyte |
| 12:40 | Acolyte |
| 12:40 | Acolyte |
| 12:51 | Scroll of Regeneration |
| 12:54 | Lesser Clarity Potion |
| 13:28 | Frost Nova |
| 13:55 | Acolyte |
| 13:55 | Acolyte |
| 13:55 | Acolyte |
| 13:56 | Acolyte |
| 13:57 | Crypt Fiend |
| 14:07 | Death Coil |
| 14:16 | Ziggurat |
| 14:45 | Improved Creature Attack |
| 14:45 | Creature Carapace |
| 14:47 | Ziggurat |
| 15:46 | Destroyer Form |
| 15:47 | Obsidian Statue |
| 15:48 | Crypt Fiend |
| 16:39 | Crypt Fiend |
| 16:44 | Dark Ritual |
| 17:01 | Scroll of Town Portal |
| 17:14 | Crypt Fiend |
| 17:15 | Obsidian Statue |
| 17:19 | Spirit Tower |
| 17:20 | Slaughterhouse |
| 17:37 | Crypt Fiend |
| 18:02 | Obsidian Statue |
| 18:09 | Potion of Healing |
| 18:35 | Crypt Fiend |
| 18:38 | Potion of Healing |
| 19:18 | Unholy Aura |
| 19:19 | Crypt Fiend |
| 19:20 | Obsidian Statue |
| 19:28 | Frost Nova |
| Right click | 1221 |
| Select group | 1038 |
| Select | 419 |
| Misc. action | 149 |
| Build/train/purchase | 122 |
| Use ability | 53 |
| Assign group | 44 |
| Chat | 30 |
| Resource trade | 6 |
| Item give/drop | 3 |

| Lesser Clarity Potion | 3 | 210 |
| Potion of Healing | 4 | 600 |
| Potion of Mana | 7 | 1400 |
| Scroll of Town Portal | 1 | 350 |
| Periapt of Vitality | 1 | 325 |
| Boots of Speed | 1 | 250 |
| Potion of Lesser Invulnerability | 1 | 150 |
| Scroll of Regeneration | 2 | 200 |
| total: | 20 | 3485g |
| Wisp | 16 | 960 | / | 0 |
| Archer | 23 | 2990 | / | 230 |
| Faerie Dragon | 7 | 1085 | / | 175 |
| Forest Troll Shadow Priest | 1 | 195 | / | 10 |
| total: | 47 | 5230g | / | 415w |
| Moon Well | 6 | 1080 | / | 240 |
| Ancient of War | 3 | 450 | / | 180 |
| Altar of Elders | 1 | 180 | / | 50 |
| Hunter's Hall | 1 | 210 | / | 100 |
| Ancient of Wonders | 1 | 90 | / | 30 |
| Ancient of Wind | 4 | 600 | / | 560 |
| Tree of Ages | 1 | 320 | / | 180 |
| total: | 16 | 2610g | / | 1160w |
| 0:08 | Wisp |
| 0:08 | Wisp |
| 0:08 | Wisp |
| 0:08 | Wisp |
| 0:08 | Wisp |
| 0:53 | Moon Well |
| 1:05 | Ancient of War |
| 1:09 | Wisp |
| 1:09 | Wisp |
| 1:18 | Moon Well |
| 1:20 | Altar of Elders |
| 1:23 | Wisp |
| 1:23 | Wisp |
| 2:08 | Archer |
| 2:45 | Archer |
| 2:46 | Archer |
| 2:46 | Moon Well |
| 3:12 | Wisp |
| 3:12 | Wisp |
| 3:13 | Wisp |
| 3:18 | Archer |
| 3:24 | Shadow Strike |
| 3:47 | Moon Well |
| 3:48 | Archer |
| 3:52 | Wisp |
| 3:52 | Wisp |
| 4:02 | Archer |
| 4:12 | Archer |
| 4:18 | Moon Well |
| 4:23 | Fan of Knives |
| 4:35 | Archer |
| 4:45 | Forest Troll Shadow Priest |
| 5:03 | Archer |
| 5:22 | Archer |
| 5:32 | Periapt of Vitality |
| 5:55 | Boots of Speed |
| 5:59 | Shadow Strike |
| 7:58 | Tree of Ages |
| 7:58 | Archer |
| 7:59 | Archer |
| 8:00 | Hunter's Hall |
| 8:02 | Ancient of War |
| 8:04 | Ancient of War |
| 8:11 | Ancient of Wonders |
| 8:14 | Moon Well |
| 8:48 | Archer |
| 9:04 | Strength of the Moon |
| 9:11 | Fan of Knives |
| 9:13 | Archer |
| 9:28 | Archer |
| 9:43 | Archer |
| 10:29 | Archer |
| 10:31 | Improved Strength of the Moon |
| 10:38 | Lesser Clarity Potion |
| 10:41 | Scroll of Regeneration |
| 11:20 | Archer |
| 11:35 | Potion of Healing |
| 11:39 | Potion of Mana |
| 11:41 | Potion of Mana |
| 12:23 | Shadow Strike |
| 12:27 | Archer |
| 12:27 | Archer |
| 12:49 | Potion of Healing |
| 12:49 | Potion of Mana |
| 12:55 | Improved Bows |
| 14:29 | Ancient of Wind |
| 14:31 | Ancient of Wind |
| 14:33 | Moon Armor |
| 14:41 | Wisp |
| 14:42 | Wisp |
| 14:44 | Archer |
| 15:00 | Ancient of Wind |
| 15:15 | Ancient of Wind |
| 15:20 | Archer |
| 15:48 | Archer |
| 16:05 | Scroll of Town Portal |
| 16:06 | Potion of Lesser Invulnerability |
| 16:24 | Faerie Dragon |
| 16:37 | Faerie Dragon |
| 16:52 | Faerie Dragon |
| 17:12 | Faerie Dragon |
| 17:57 | Potion of Mana |
| 17:59 | Spirit of Vengeance |
| 18:04 | Potion of Healing |
| 18:06 | Potion of Mana |
| 18:21 | Potion of Mana |
| 18:38 | Faerie Dragon |
| 18:48 | Potion of Healing |
| 18:52 | Lesser Clarity Potion |
| 18:57 | Potion of Mana |
| 18:58 | Lesser Clarity Potion |
| 19:02 | Scroll of Regeneration |
| 19:08 | Faerie Dragon |
| 19:17 | Strength of the Wild |
| 19:29 | Faerie Dragon |
| Right click | 704 |
| Select | 260 |
| Select group | 196 |
| Build/train/purchase | 116 |
| Chat | 81 |
| Use ability | 41 |
| Assign group | 30 |
| Misc. action | 12 |
| Item give/drop | 4 |
| Minimap ping | 2 |



| Staff of Sanctuary | 1 | 250 |
| Lesser Clarity Potion | 1 | 70 |
| Boots of Speed | 1 | 250 |
| total: | 3 | 570g |
| Peasant | 17 | 1275 | / | 0 |
| Footman | 3 | 405 | / | 0 |
| Gryphon Rider | 13 | 3640 | / | 910 |
| Flying Machine | 1 | 100 | / | 30 |
| Mortar Team | 15 | 2700 | / | 1050 |
| Goblin Shredder | 1 | 375 | / | 100 |
| Blue Dragon | 1 | 745 | / | 200 |
| total: | 51 | 9240g | / | 2290w |
| Scout Tower | 5 | 150 | / | 100 |
| Arcane Tower | 2 | 140 | / | 100 |
| Guard Tower | 2 | 140 | / | 100 |
| Altar of Kings | 1 | 180 | / | 50 |
| Barracks | 1 | 160 | / | 60 |
| Farm | 13 | 1040 | / | 260 |
| Town Hall | 1 | 385 | / | 205 |
| Lumber Mill | 1 | 120 | / | 0 |
| Blacksmith | 1 | 140 | / | 60 |
| Arcane Vault | 1 | 130 | / | 30 |
| Workshop | 3 | 420 | / | 420 |
| Gryphon Aviary | 2 | 280 | / | 300 |
| Keep | 1 | 320 | / | 210 |
| Castle | 1 | 360 | / | 210 |
| total: | 29 | 3005g | / | 1485w |
| 0:02 | Peasant |
| 0:02 | Peasant |
| 0:07 | Altar of Kings |
| 0:18 | Barracks |
| 0:24 | Peasant |
| 0:33 | Farm |
| 0:40 | Peasant |
| 1:01 | Peasant |
| 1:04 | Farm |
| 1:17 | Peasant |
| 1:19 | Footman |
| 1:33 | Farm |
| 1:39 | Peasant |
| 1:42 | Footman |
| 1:58 | Peasant |
| 2:04 | Footman |
| 2:06 | Summon Water Elemental |
| 2:17 | Peasant |
| 2:29 | Peasant |
| 2:43 | Peasant |
| 3:11 | Brilliance Aura |
| 3:14 | Peasant |
| 3:15 | Town Hall |
| 3:19 | Scout Tower |
| 3:27 | Peasant |
| 3:33 | Peasant |
| 3:49 | Arcane Tower |
| 4:18 | Peasant |
| 4:25 | Keep |
| 4:36 | Farm |
| 4:38 | Peasant |
| 4:40 | Scout Tower |
| 5:01 | Goblin Shredder |
| 5:06 | Lumber Mill |
| 5:10 | Scout Tower |
| 5:10 | Scout Tower |
| 5:13 | Farm |
| 5:14 | Farm |
| 5:14 | Farm |
| 5:17 | Peasant |
| 5:20 | Scout Tower |
| 5:27 | Summon Water Elemental |
| 5:34 | Boots of Speed |
| 5:37 | Blacksmith |
| 5:45 | Arcane Tower |
| 6:04 | Guard Tower |
| 6:05 | Guard Tower |
| 6:41 | Black Gunpowder |
| 6:42 | Farm |
| 6:43 | Farm |
| 6:44 | Farm |
| 6:44 | Farm |
| 6:47 | Iron Forged Swords |
| 6:48 | Castle |
| 6:55 | Workshop |
| 6:57 | Gryphon Aviary |
| 6:59 | Gryphon Aviary |
| 7:38 | Workshop |
| 7:39 | Workshop |
| 7:41 | Arcane Vault |
| 8:05 | Refined Gunpowder |
| 8:28 | Storm Bolt |
| 8:51 | Flak Cannons |
| 9:34 | Gryphon Rider |
| 9:36 | Storm Hammers |
| 9:38 | Animal War Training |
| 9:39 | Flying Machine |
| 9:49 | Staff of Sanctuary |
| 10:02 | Steel Forged Swords |
| 10:02 | Studded Leather Armor |
| 10:16 | Fragmentation Shards |
| 10:16 | Mortar Team |
| 10:26 | Gryphon Rider |
| 10:26 | Gryphon Rider |
| 10:26 | Mortar Team |
| 10:26 | Mortar Team |
| 10:37 | Holy Light |
| 11:10 | Brilliance Aura |
| 11:24 | Mortar Team |
| 11:24 | Mortar Team |
| 11:25 | Imbued Gunpowder |
| 12:15 | Gryphon Rider |
| 12:15 | Gryphon Rider |
| 12:19 | Bash |
| 12:36 | Gryphon Rider |
| 12:36 | Gryphon Rider |
| 12:41 | Divine Shield |
| 12:59 | Lesser Clarity Potion |
| 13:06 | Gryphon Rider |
| 13:07 | Mithril Forged Swords |
| 13:27 | Mortar Team |
| 13:44 | Flare |
| 13:48 | Gryphon Rider |
| 14:06 | Mortar Team |
| 14:31 | Summon Water Elemental |
| 14:57 | Reinforced Leather Armor |
| 15:37 | Mortar Team |
| 15:37 | Mortar Team |
| 15:51 | Mortar Team |
| 15:51 | Holy Light |
| 15:55 | Storm Bolt |
| 16:02 | Mortar Team |
| 16:02 | Mortar Team |
| 16:03 | Gryphon Rider |
| 16:03 | Gryphon Rider |
| 16:15 | Mortar Team |
| 16:35 | Blue Dragon |
| 16:50 | Dragonhide Armor |
| 18:03 | Iron Plating |
| 18:37 | Gryphon Rider |
| 18:37 | Gryphon Rider |
| 18:38 | Mortar Team |
| 19:01 | Bash |
| 19:13 | Mortar Team |
| 19:23 | Farm |
| 19:23 | Farm |
| Select group | 1621 |
| Right click | 1503 |
| Select | 335 |
| Assign group | 186 |
| Build/train/purchase | 150 |
| Misc. action | 136 |
| Chat | 121 |
| Use ability | 54 |
| Minimap ping | 17 |
| Item give/drop | 4 |

| Lesser Clarity Potion | 2 | 140 |
| Potion of Healing | 2 | 300 |
| Ivory Tower | 5 | 200 |
| Scroll of Regeneration | 3 | 300 |
| Scroll of Town Portal | 2 | 700 |
| Staff of Teleportation | 1 | 150 |
| Boots of Speed | 1 | 250 |
| total: | 16 | 2040g |
| Peasant | 11 | 825 | / | 0 |
| Mortar Team | 10 | 1800 | / | 700 |
| total: | 21 | 2625g | / | 700w |
| Scout Tower | 11 | 330 | / | 220 |
| Arcane Tower | 3 | 210 | / | 150 |
| Guard Tower | 6 | 420 | / | 300 |
| Altar of Kings | 1 | 180 | / | 50 |
| Farm | 8 | 640 | / | 160 |
| Lumber Mill | 2 | 240 | / | 0 |
| Arcane Vault | 3 | 390 | / | 90 |
| Blacksmith | 1 | 140 | / | 60 |
| Town Hall | 1 | 385 | / | 205 |
| Cannon Tower | 3 | 360 | / | 300 |
| Workshop | 2 | 280 | / | 280 |
| Arcane Sanctum | 1 | 150 | / | 140 |
| Keep | 1 | 320 | / | 210 |
| Castle | 1 | 360 | / | 210 |
| total: | 30 | 2735g | / | 1205w |
| 0:15 | Peasant |
| 0:16 | Peasant |
| 0:20 | Altar of Kings |
| 0:23 | Farm |
| 0:31 | Peasant |
| 0:37 | Lumber Mill |
| 0:45 | Peasant |
| 1:01 | Peasant |
| 1:07 | Farm |
| 1:23 | Farm |
| 1:27 | Peasant |
| 1:39 | Scout Tower |
| 1:41 | Peasant |
| 1:50 | Arcane Vault |
| 2:07 | Peasant |
| 2:17 | Peasant |
| 2:28 | Blacksmith |
| 2:31 | Arcane Tower |
| 2:36 | Peasant |
| 2:43 | Arcane Vault |
| 2:48 | Pocket Factory |
| 2:53 | Peasant |
| 3:00 | Scout Tower |
| 3:14 | Improved Lumber Harvesting |
| 3:25 | Scout Tower |
| 3:47 | Farm |
| 3:51 | Keep |
| 3:54 | Guard Tower |
| 4:07 | Guard Tower |
| 4:20 | Cluster Rockets |
| 4:24 | Farm |
| 4:33 | Arcane Vault |
| 4:43 | Improved Masonry |
| 4:54 | Black Gunpowder |
| 5:02 | Farm |
| 5:25 | Staff of Teleportation |
| 5:27 | Boots of Speed |
| 5:57 | Scout Tower |
| 6:01 | Scout Tower |
| 6:02 | Scout Tower |
| 6:21 | Workshop |
| 6:26 | Workshop |
| 6:42 | Arcane Sanctum |
| 6:49 | Advanced Masonry |
| 6:52 | Refined Gunpowder |
| 7:23 | Cannon Tower |
| 7:24 | Arcane Tower |
| 7:30 | Lumber Mill |
| 7:42 | Flare |
| 8:05 | Lesser Clarity Potion |
| 8:12 | Sorceress Adept Training |
| 8:16 | Flak Cannons |
| 8:34 | Mortar Team |
| 8:40 | Studded Leather Armor |
| 8:53 | Scout Tower |
| 8:59 | Mortar Team |
| 9:11 | Scout Tower |
| 9:15 | Cluster Rockets |
| 9:38 | Guard Tower |
| 9:39 | Mortar Team |
| 9:51 | Cannon Tower |
| 10:17 | Mortar Team |
| 10:31 | Mortar Team |
| 10:48 | Farm |
| 10:57 | Mortar Team |
| 11:11 | Mortar Team |
| 11:43 | Pocket Factory |
| 11:51 | Potion of Healing |
| 11:51 | Ivory Tower |
| 11:52 | Ivory Tower |
| 12:04 | Castle |
| 13:04 | Potion of Healing |
| 13:15 | Scroll of Regeneration |
| 13:30 | Ivory Tower |
| 13:39 | Arcane Tower |
| 13:41 | Cannon Tower |
| 13:43 | Magic Sentry |
| 13:47 | Lesser Clarity Potion |
| 13:48 | Ivory Tower |
| 13:57 | Mortar Team |
| 14:09 | Scout Tower |
| 14:55 | Fragmentation Shards |
| 14:56 | Imbued Masonry |
| 14:58 | Barrage |
| 15:29 | Guard Tower |
| 15:34 | Scroll of Regeneration |
| 15:39 | Scroll of Town Portal |
| 15:40 | Ivory Tower |
| 15:55 | Guard Tower |
| 16:00 | Mortar Team |
| 16:18 | Imbued Gunpowder |
| 16:56 | Scroll of Regeneration |
| 16:59 | Scroll of Town Portal |
| 17:29 | Farm |
| 17:50 | Reinforced Leather Armor |
| 17:59 | Guard Tower |
| 18:17 | Scout Tower |
| 18:25 | Town Hall |
| 18:33 | Scout Tower |
| 18:51 | Mortar Team |
| 19:05 | Cluster Rockets |
| 19:20 | Robo-Goblin |
| Right click | 1040 |
| Select group | 497 |
| Select | 293 |
| Build/train/purchase | 88 |
| Use ability | 35 |
| Misc. action | 13 |
| Assign group | 9 |
| Item give/drop | 8 |
| Minimap ping | 7 |
| Chat | 7 |
165 units @ 25.1k
/ 4.4k
59 buildings @ 8.4k
/ 3.3k


| Rod of Necromancy | 1 | 150 |
| Sacrificial Skull | 1 | 50 |
| Ritual Dagger | 1 | 125 |
| Potion of Healing | 2 | 300 |
| total: | 5 | 625g |
| Acolyte | 7 | 525 | / | 0 |
| Ghoul | 3 | 360 | / | 0 |
| Frost Wyrm | 9 | 3465 | / | 1080 |
| total: | 19 | 4350g | / | 1080w |
| Spirit Tower | 3 | 435 | / | 120 |
| Crypt | 1 | 200 | / | 50 |
| Graveyard | 1 | 215 | / | 0 |
| Ziggurat | 6 | 900 | / | 300 |
| Altar of Darkness | 1 | 180 | / | 50 |
| Tomb of Relics | 1 | 130 | / | 30 |
| Sacrificial Pit | 1 | 75 | / | 150 |
| Boneyard | 2 | 350 | / | 400 |
| Halls of the Dead | 1 | 320 | / | 210 |
| Black Citadel | 1 | 325 | / | 230 |
| total: | 13 | 2050g | / | 980w |
| 0:05 | Acolyte |
| 0:05 | Acolyte |
| 0:40 | Crypt |
| 0:47 | Graveyard |
| 0:58 | Ziggurat |
| 1:08 | Altar of Darkness |
| 1:31 | Ziggurat |
| 1:41 | Ghoul |
| 1:51 | Tomb of Relics |
| 2:02 | Ghoul |
| 2:30 | Ghoul |
| 2:35 | Spirit Tower |
| 3:10 | Frost Nova |
| 3:11 | Rod of Necromancy |
| 3:12 | Sacrificial Skull |
| 3:13 | Ritual Dagger |
| 3:30 | Halls of the Dead |
| 3:48 | Spirit Tower |
| 4:09 | Ziggurat |
| 5:06 | Spirit Tower |
| 6:03 | Black Citadel |
| 6:08 | Sacrificial Pit |
| 6:25 | Potion of Healing |
| 6:26 | Potion of Healing |
| 8:33 | Healing Spray |
| 8:37 | Ghoul Frenzy |
| 8:39 | Acolyte |
| 8:42 | Boneyard |
| 8:44 | Boneyard |
| 8:52 | Ziggurat |
| 9:02 | Ziggurat |
| 9:07 | Ziggurat |
| 9:10 | Creature Attack |
| 9:36 | Acolyte |
| 10:01 | Frost Wyrm |
| 10:33 | Frost Wyrm |
| 11:18 | Frost Wyrm |
| 11:27 | Frost Armor |
| 11:43 | Freezing Breath |
| 12:23 | Acid Bomb |
| 12:39 | Frost Wyrm |
| 12:43 | Creature Carapace |
| 12:55 | Acolyte |
| 13:55 | Acolyte |
| 13:55 | Acolyte |
| 14:39 | Frost Wyrm |
| 14:42 | Frost Wyrm |
| 16:24 | Frost Wyrm |
| 17:03 | Frost Wyrm |
| 17:53 | Frost Wyrm |
| Right click | 345 |
| Select | 184 |
| Select group | 126 |
| Build/train/purchase | 48 |
| Use ability | 30 |
| Assign group | 18 |
| Minimap ping | 2 |
| Misc. action | 1 |


| Potion of Healing | 2 | 300 |
| Dust of Appearance | 1 | 75 |
| Potion of Lesser Invulnerability | 1 | 150 |
| total: | 4 | 525g |
| Wisp | 11 | 660 | / | 0 |
| Huntress | 3 | 585 | / | 60 |
| Druid of the Claw | 14 | 3570 | / | 1120 |
| Dryad | 9 | 1305 | / | 540 |
| total: | 37 | 6120g | / | 1720w |
| Moon Well | 5 | 900 | / | 200 |
| Altar of Elders | 2 | 360 | / | 100 |
| Hunter's Hall | 1 | 210 | / | 100 |
| Ancient of War | 1 | 150 | / | 60 |
| Ancient of Wonders | 1 | 90 | / | 30 |
| Ancient of Lore | 2 | 310 | / | 290 |
| Tree of Ages | 2 | 640 | / | 360 |
| Tree of Eternity | 2 | 660 | / | 400 |
| total: | 12 | 2020g | / | 780w |
| 0:02 | Wisp |
| 0:02 | Wisp |
| 0:18 | Moon Well |
| 0:23 | Wisp |
| 0:30 | Wisp |
| 0:37 | Wisp |
| 0:46 | Altar of Elders |
| 0:55 | Wisp |
| 1:09 | Wisp |
| 1:23 | Hunter's Hall |
| 1:34 | Wisp |
| 1:50 | Wisp |
| 1:52 | Ancient of War |
| 2:05 | Ancient of Wonders |
| 2:06 | Wisp |
| 2:20 | Moon Well |
| 2:23 | Wisp |
| 2:47 | Entangling Roots |
| 3:02 | Tree of Ages |
| 3:07 | Dust of Appearance |
| 3:16 | Huntress |
| 3:26 | Moon Well |
| 3:34 | Huntress |
| 4:14 | Huntress |
| 4:17 | Reinforced Hides |
| 4:35 | Moon Well |
| 4:40 | Thorns Aura |
| 6:04 | Tree of Eternity |
| 6:16 | Entangling Roots |
| 6:26 | Ancient of Lore |
| 6:37 | Potion of Healing |
| 6:44 | Ancient of Lore |
| 6:59 | Searing Arrows |
| 7:47 | Druid of the Claw |
| 7:52 | Improved Reinforced Hides |
| 8:05 | Druid of the Claw Adept Training |
| 8:29 | Druid of the Claw |
| 8:31 | Druid of the Claw Master Training |
| 8:32 | Strength of the Wild |
| 8:48 | Druid of the Claw |
| 8:50 | Druid of the Claw |
| 9:09 | Potion of Healing |
| 9:15 | Dryad |
| 9:31 | Trueshot Aura |
| 9:35 | Moon Well |
| 9:49 | Mark of the Claw |
| 10:02 | Druid of the Claw |
| 10:18 | Dryad |
| 11:03 | Druid of the Claw |
| 11:05 | Dryad |
| 11:19 | Druid of the Claw |
| 11:43 | Thorns Aura |
| 12:07 | Druid of the Claw |
| 12:09 | Dryad |
| 12:35 | Trueshot Aura |
| 12:46 | Druid of the Claw |
| 12:48 | Druid of the Claw |
| 13:34 | Druid of the Claw |
| 14:01 | Potion of Lesser Invulnerability |
| 14:17 | Druid of the Claw |
| 14:18 | Druid of the Claw |
| 14:31 | Dryad |
| 14:32 | Dryad |
| 14:58 | Dryad |
| 15:39 | Altar of Elders |
| 15:58 | Dryad |
| 15:59 | Advanced Reinforced Hides |
| 16:12 | Druid of the Claw |
| 16:13 | Improved Strength of the Wild |
| 16:40 | Dryad |
| 17:38 | Thorns Aura |
| 18:07 | Searing Arrows |
| Right click | 1413 |
| Select group | 1209 |
| Select | 131 |
| Build/train/purchase | 95 |
| Use ability | 43 |
| Assign group | 28 |
| Misc. action | 3 |
| Item give/drop | 1 |
| Minimap ping | 1 |



| Lesser Clarity Potion | 1 | 70 |
| Scroll of Regeneration | 1 | 100 |
| Potion of Healing | 2 | 300 |
| total: | 4 | 470g |
| Peasant | 11 | 825 | / | 0 |
| Priest | 15 | 2025 | / | 150 |
| Spell Breaker | 1 | 215 | / | 30 |
| Sorceress | 9 | 1395 | / | 180 |
| total: | 36 | 4460g | / | 360w |
| Scout Tower | 3 | 90 | / | 60 |
| Arcane Tower | 1 | 70 | / | 50 |
| Guard Tower | 2 | 140 | / | 100 |
| Altar of Kings | 1 | 180 | / | 50 |
| Farm | 8 | 640 | / | 160 |
| Lumber Mill | 1 | 120 | / | 0 |
| Arcane Vault | 2 | 260 | / | 60 |
| Arcane Sanctum | 2 | 300 | / | 280 |
| Keep | 1 | 320 | / | 210 |
| Castle | 1 | 360 | / | 210 |
| total: | 17 | 1590g | / | 610w |
| 0:02 | Peasant |
| 0:02 | Peasant |
| 0:04 | Altar of Kings |
| 0:05 | Farm |
| 0:14 | Peasant |
| 0:40 | Peasant |
| 0:50 | Peasant |
| 1:04 | Lumber Mill |
| 1:18 | Peasant |
| 1:21 | Farm |
| 1:26 | Peasant |
| 1:26 | Peasant |
| 1:33 | Scout Tower |
| 1:49 | Peasant |
| 1:54 | Blizzard |
| 1:57 | Peasant |
| 2:05 | Arcane Tower |
| 2:07 | Scout Tower |
| 2:43 | Keep |
| 2:56 | Guard Tower |
| 2:57 | Scout Tower |
| 2:59 | Farm |
| 3:19 | Improved Lumber Harvesting |
| 3:19 | Improved Masonry |
| 3:44 | Guard Tower |
| 3:52 | Arcane Vault |
| 3:53 | Arcane Vault |
| 4:23 | Brilliance Aura |
| 4:52 | Lesser Clarity Potion |
| 4:52 | Scroll of Regeneration |
| 5:24 | Arcane Sanctum |
| 5:34 | Arcane Sanctum |
| 5:49 | Peasant |
| 5:59 | Farm |
| 6:01 | Farm |
| 6:06 | Flame Strike |
| 6:40 | Priest |
| 6:44 | Castle |
| 6:56 | Advanced Lumber Harvesting |
| 7:34 | Banish |
| 7:39 | Spell Breaker |
| 7:54 | Potion of Healing |
| 7:54 | Potion of Healing |
| 8:23 | Priest Adept Training |
| 8:23 | Sorceress Adept Training |
| 8:39 | Farm |
| 8:50 | Sorceress |
| 8:53 | Priest |
| 8:53 | Priest |
| 9:52 | Blizzard |
| 9:57 | Priest Master Training |
| 10:00 | Priest |
| 10:00 | Priest |
| 10:24 | Farm |
| 10:37 | Holy Light |
| 11:06 | Priest |
| 11:07 | Sorceress |
| 11:09 | Farm |
| 11:59 | Priest |
| 12:24 | Flame Strike |
| 12:44 | Sorceress |
| 13:13 | Priest |
| 14:06 | Priest |
| 14:44 | Sorceress |
| 14:48 | Sorceress Master Training |
| 15:22 | Priest |
| 15:49 | Sorceress |
| 15:58 | Brilliance Aura |
| 16:04 | Priest |
| 16:11 | Devotion Aura |
| 16:22 | Priest |
| 17:02 | Sorceress |
| 17:03 | Priest |
| 17:50 | Priest |
| 17:50 | Sorceress |
| 18:17 | Priest |
| 18:26 | Siphon Mana |
| 18:27 | Holy Light |
| 18:50 | Sorceress |
| 18:50 | Sorceress |
| Right click | 1024 |
| Select group | 709 |
| Select | 413 |
| Build/train/purchase | 126 |
| Misc. action | 119 |
| Use ability | 90 |
| Assign group | 65 |
| Resource trade | 50 |
| Minimap ping | 14 |
| Esc | 1 |

| Rod of Necromancy | 2 | 300 |
| Sacrificial Skull | 1 | 50 |
| Potion of Mana | 2 | 400 |
| Scroll of Town Portal | 1 | 350 |
| total: | 6 | 1100g |
| Acolyte | 27 | 2025 | / | 0 |
| Ghoul | 9 | 1080 | / | 0 |
| Crypt Fiend | 20 | 4300 | / | 800 |
| Meat Wagon | 3 | 690 | / | 150 |
| Necromancer | 14 | 2030 | / | 280 |
| total: | 73 | 10125g | / | 1230w |
| Nerubian Tower | 6 | 600 | / | 120 |
| Spirit Tower | 1 | 145 | / | 40 |
| Crypt | 1 | 200 | / | 50 |
| Graveyard | 1 | 215 | / | 0 |
| Altar of Darkness | 1 | 180 | / | 50 |
| Ziggurat | 8 | 1200 | / | 400 |
| Tomb of Relics | 2 | 260 | / | 60 |
| Necropolis | 1 | 225 | / | 0 |
| Temple of the Damned | 2 | 310 | / | 280 |
| Slaughterhouse | 1 | 140 | / | 135 |
| Halls of the Dead | 1 | 320 | / | 210 |
| total: | 17 | 2730g | / | 975w |
| 0:04 | Acolyte |
| 0:04 | Acolyte |
| 0:07 | Crypt |
| 0:09 | Graveyard |
| 0:16 | Acolyte |
| 0:16 | Acolyte |
| 0:16 | Acolyte |
| 0:16 | Acolyte |
| 0:16 | Acolyte |
| 0:16 | Acolyte |
| 0:40 | Altar of Darkness |
| 0:55 | Ziggurat |
| 1:08 | Ghoul |
| 1:08 | Ghoul |
| 1:08 | Ghoul |
| 1:09 | Ghoul |
| 1:09 | Ghoul |
| 1:09 | Ghoul |
| 1:09 | Ghoul |
| 1:21 | Tomb of Relics |
| 1:45 | Crypt Fiend |
| 1:59 | Ziggurat |
| 2:20 | Crypt Fiend |
| 2:20 | Crypt Fiend |
| 2:20 | Crypt Fiend |
| 2:20 | Crypt Fiend |
| 2:20 | Crypt Fiend |
| 2:20 | Crypt Fiend |
| 2:45 | Carrion Beetles |
| 2:47 | Rod of Necromancy |
| 2:55 | Acolyte |
| 2:55 | Ghoul |
| 3:07 | Sacrificial Skull |
| 3:25 | Acolyte |
| 3:41 | Ghoul |
| 4:04 | Necropolis |
| 4:30 | Halls of the Dead |
| 4:32 | Impale |
| 4:51 | Ziggurat |
| 5:04 | Crypt Fiend |
| 5:04 | Crypt Fiend |
| 5:04 | Crypt Fiend |
| 5:04 | Crypt Fiend |
| 5:04 | Crypt Fiend |
| 5:04 | Crypt Fiend |
| 5:33 | Crypt Fiend |
| 5:52 | Crypt Fiend |
| 6:00 | Acolyte |
| 6:00 | Acolyte |
| 6:00 | Acolyte |
| 6:23 | Crypt Fiend |
| 6:51 | Crypt Fiend |
| 7:08 | Carrion Beetles |
| 7:29 | Acolyte |
| 7:45 | Temple of the Damned |
| 7:47 | Temple of the Damned |
| 7:48 | Slaughterhouse |
| 8:16 | Ziggurat |
| 8:26 | Potion of Mana |
| 8:27 | Rod of Necromancy |
| 8:35 | Burrow |
| 8:41 | Acolyte |
| 8:41 | Acolyte |
| 8:53 | Acolyte |
| 8:56 | Acolyte |
| 9:09 | Acolyte |
| 9:13 | Nerubian Tower |
| 9:38 | Meat Wagon |
| 9:42 | Necromancer Adept Training |
| 10:07 | Necromancer |
| 10:10 | Skeletal Mastery |
| 10:34 | Crypt Fiend |
| 10:36 | Necromancer |
| 10:45 | Web |
| 11:18 | Necromancer |
| 11:19 | Exhume Corpses |
| 11:24 | Ziggurat |
| 11:38 | Meat Wagon |
| 11:39 | Necromancer |
| 12:21 | Impale |
| 12:37 | Crypt Fiend |
| 12:39 | Necromancer |
| 13:45 | Meat Wagon |
| 13:47 | Necromancer |
| 13:48 | Crypt Fiend |
| 13:52 | Ziggurat |
| 13:54 | Tomb of Relics |
| 13:56 | Spirit Tower |
| 13:59 | Unholy Strength |
| 13:59 | Creature Attack |
| 14:12 | Scroll of Town Portal |
| 14:35 | Potion of Mana |
| 14:57 | Unholy Armor |
| 15:48 | Necromancer |
| 15:48 | Necromancer |
| 15:48 | Necromancer |
| 15:50 | Carrion Beetles |
| 15:58 | Necromancer |
| 15:58 | Necromancer |
| 16:03 | Acolyte |
| 16:03 | Acolyte |
| 16:31 | Acolyte |
| 16:31 | Acolyte |
| 16:35 | Acolyte |
| 16:35 | Acolyte |
| 17:18 | Necromancer |
| 17:18 | Necromancer |
| 17:19 | Necromancer |
| 17:23 | Acolyte |
| 17:28 | Acolyte |
| 18:26 | Ziggurat |
| 18:37 | Ziggurat |
| Right click | 1083 |
| Select group | 548 |
| Select | 309 |
| Build/train/purchase | 181 |
| Misc. action | 87 |
| Assign group | 50 |
| Use ability | 17 |
| Minimap ping | 8 |
| Item give/drop | 2 |
| Remove unit | 1 |
⇛